 Dungeon Crawl Stone Soup version 0.30-b1-2-g02819fbbbe (webtiles) character file.

Game seed: 4264616104086477805

4 Arcadio the Chopper (level 1, 20/20 HPs)
             Began as a Hill Orc Monk on May 12, 2023.
             Was an Initiate of Gozag.
             Quit the game on level 1 of the Dungeon.
             The game lasted 00:01:14 (125 turns).

Arcadio the Chopper (Hill Orc Monk)                  Turns: 125, Time: 00:01:14

Health: 20/20      AC:  2    Str: 13    XL:     1   Next: 70%
Magic:  1/1        EV: 12    Int: 10    God:    Gozag
Gold:   19         SH:  0    Dex: 13    Spells: 0/0 levels left

rFire   . . .        a - +0 hand axe
rCold   . . .        d - orb {light}
rNeg    . . .        b - +0 robe
rPois   .            (no helmet)
rElec   .            (no cloak)
rCorr   .            (no gloves)
SInv    .            (no boots)
Will    .....        (no amulet)
Stlth   +            (no ring)
HPRegen 0.23/turn    (no ring)
MPRegen 0.07/turn

%: no passive effects
@: glowing
A: no striking features
a: Renounce Religion, Potion Petition, Call Merchant, Bribe Branch


You were on level 1 of the Dungeon.
You worshipped Gozag.
Gozag was noncommittal.
You visited 1 branch of the dungeon, and saw 1 of its levels.

You collected 19 gold pieces.

Inventory:

Hand Weapons
 a - a +0 hand axe (weapon)
Armour
 b - a +0 robe (worn)
 d - an orb of light (worn)
Potions
 c - a potion of ambrosia


   Skills:
 + Level 3.8 Fighting
 + Level 4.1 Axes
 + Level 0.5 Armour
 - Level 2.4 Dodging


You couldn't memorise any spells.
You didn't know any spells.
Your spell library was empty.

Dungeon Overview and Level Annotations

Branches:
Dungeon (1/15) Zot: 5874

Altars:
Gozag


Message History

You hit the giant cockroach but do no damage.
The giant cockroach bites you. x2
You completely miss the giant cockroach.
The giant cockroach bites you.
You hit the giant cockroach but do no damage.
The giant cockroach bites you but does no damage.
You hit the giant cockroach but do no damage.
The giant cockroach bites you.
The giant cockroach bites you but does no damage.
You slash the giant cockroach!
You kill the giant cockroach!
You see here a giant cockroach corpse.
HP restored.
You open the door.
There is an open door here.
There is a stone staircase leading down here.
A hobgoblin comes into view.
The hobgoblin barely misses you.
You hit the hobgoblin.
The hobgoblin is moderately wounded.
The hobgoblin misses you.
You barely miss the hobgoblin.
The hobgoblin is moderately wounded.
The hobgoblin closely misses you.
You hit the hobgoblin.
You kill the hobgoblin!
You now have 19 gold pieces.
You see here a +0 robe.
A hobgoblin comes into view.
Found a faded altar of an unknown god.
Why would you want to do that?
A hobgoblin comes into view.
The hobgoblin shouts!
The hobgoblin moves out of view.
There is a faded altar of an unknown god here.
This altar belongs to (a) Lugonu, (b) Gozag or (c) Qazlal, but you can't tell which.
Press the corresponding letter to learn more about a god, or press enter to convert or escape to cancel.
Gozag accepts your prayer! Gozag welcomes you!
Gozag waives the service fee.
Are you sure you want to abandon this character and quit the game? (Confirm with "yes".)

#.# #.# ... #.# ## ...
## #.# # ##.##.##.## ##
#.#.# ##g#.≈.≈.#.## .#
#.#.###.#..§.≈..#.#.
.####.#.##g#§§§§.≈§§≈#..
....#...#.#..≈§≈≈§§§..#
....#..##.#...≈§@≈§§..#
.##.#.###.#...≈≈.§§§§.#
.##>..# #.#..§≈§≈.≈.§.#
..#.#.###.#..§§§.≈.§§.#
..#.#.##.#.#§.≈§§§§§§#.
#.#.#.##.#...≈.....§§.#
.#.#.##.#.#.#....§#...
#.#...[#.#..#####.###
#.######.#.#.. ..#


You could see 2 hobgoblins.

Vanquished Creatures
  2 ball pythons (D:1)
  A giant cockroach (D:1)
  A hobgoblin (D:1)
4 creatures vanquished.

Notes
Turn   | Place    | Note
-------+----------+-------------------------------------------
     0 | D:1      | Arcadio the Hill Orc Monk began the quest for the Orb.
     0 | D:1      | Reached XP level 1. HP: 19/19 MP: 1/1
   114 | D:1      | Found a faded altar of an unknown god.
   124 | D:1      | Prayed at the altar of an unknown god.
   124 | D:1      | Became a worshipper of Gozag Ym Sagoz the Greedy
   125 | D:1      | Quit the game

Illustrated notes

Levels and vault maps discovered:
D:1:      lightli_arrival_chessboard, layout_basic,
          shapermc_ecumenical_altar_starsandcircs

Action                     || total
---------------------------++-------
  Melee: Hand axe          ||    10
 Armour: Robe              ||     2
  Dodge: Dodged            ||     5
